 Dungeon Crawl Stone Soup version 0.26-a0-651-gb41185065b (webtiles) character file.

Game seed: 11667126844004991795

7 Irenicus the Chopper (level 1, 0/30 HPs)
             Began as a Deep Dwarf Berserker on Oct 1, 2020.
             Was a Follower of Trog.
             Slain by a gnoll
             ... wielding a +0 spear
              (6 damage)
             ... on level 1 of the Dungeon.
             The game lasted 00:00:57 (75 turns).

Irenicus the Chopper (Deep Dwarf Berserker)           Turns: 75, Time: 00:00:58

Health: 0/30       AC:  2    Str: 20    XL:     1   Next: 91%
Magic:  1/1        EV: 12    Int:  7    God:    Trog [*.....]
Gold:   0          SH:  0    Dex: 12    Spells: 0/0 levels left

rFire    . . .     SeeInvis .   a - +0 hand axe
rCold    . . .     Faith    .   (no shield)
rNeg     . . .     Spirit   .   b - +0 animal skin
rPois    .         Reflect  .   (no helmet)
rElec    .         Harm     .   (no cloak)
rCorr    .         Rampage  .   (no gloves)
MR       .....                  (no boots)
Stlth    ..........             (no amulet)
HPRegen  0.00/turn              (no ring)
MPRegen  0.07/turn              (no ring)

@: berserking, non-regenerating, very quick
A: damage resistance, heal wounds, sense surroundings 1, no regeneration
a: Heal Wounds, Berserk, Renounce Religion


You were on level 1 of the Dungeon.
You worshipped Trog.
Trog was aware of your devotion.
You visited 1 branch of the dungeon, and saw 1 of its levels.

Inventory:

Hand Weapons
 a - a +0 hand axe (weapon)
Armour
 b - a +0 animal skin (worn)
Scrolls
 c - a scroll of identify {unknown}
Potions
 d - a potion of curing {unknown}


   Skills:
 - Level 2.6 Fighting
 + Level 3.9 Axes
 - Level 2.1 Armour
 - Level 2.1 Dodging


You couldn't memorise any spells.
You didn't know any spells.
Your spell library was empty.

Dungeon Overview and Level Annotations

Branches:
Dungeon (1/15)

Altars:


Innate Abilities, Weirdness & Mutations

You are resistant to damage.
You can heal yourself by infusing magical energy.
You passively map a small area around you.
You do not regenerate.


Message History

The bat closely misses you.
You see here a frilled lizard corpse.
The bat closely misses you.
You miss the bat. The bat hits you. The bat barely misses you.
You closely miss the bat. The bat barely misses you. The bat misses you.
You closely miss the bat. The bat barely misses you. The bat hits you.
The bat misses you. The bat closely misses you.
You see here a scroll labeled KETEUWYEBE.
You closely miss the bat. The bat barely misses you.
c - a scroll labeled KETEUWYEBE The bat hits you but does no damage.
The bat closely misses you.
You closely miss the bat. The bat barely misses you. x2
You closely miss the bat. The bat barely misses you.
The bat hits you but does no damage. The bat barely misses you.
You barely miss the bat. The bat hits you but does no damage.
The bat misses you. The bat hits you.
You hit the bat.
The bat is moderately wounded.
The bat hits you but does no damage.
A bat comes into view.
The bat hits you but does no damage. The bat closely misses you.
You see here a metallic dark potion.
You hit the bat but do no damage.
The bat is moderately wounded.
The bat hits you but does no damage. The bat barely misses you.
d - a metallic dark potion The bat closely misses you.
The bat completely misses you. The bat barely misses you.
You slash the bat!
You kill the bat!
Trog accepts your kill.
You hit the bat.
You kill the bat!
Trog accepts your kill.
A bat comes into view.
The bat barely misses you. The bat hits you but does no damage.
You miss the bat. The bat closely misses you. The bat barely misses you.
The bat closely misses you.
You hit the bat.
You kill the bat!
Trog accepts your kill.
A bat comes into view.
The bat hits you but does no damage.
You slash the bat!
You kill the bat!
Trog accepts your kill.
A hobgoblin comes into view. It is wielding a +0 club.
The hobgoblin shouts!
You barely miss the hobgoblin. The hobgoblin barely misses you.
A hobgoblin comes into view.
The hobgoblin shouts!
You slash the hobgoblin!
You kill the hobgoblin!
Trog accepts your kill.
Things that are here:
a +0 club; a hobgoblin corpse You hit the hobgoblin.
The hobgoblin is severely wounded.
The hobgoblin closely misses you.
You hit the hobgoblin but do no damage.
The hobgoblin is severely wounded.
The hobgoblin closely misses you.
You hit the hobgoblin.
You kill the hobgoblin!
Trog accepts your kill.
Found a stone staircase leading down.
Press: ? - help, v - describe, . - travel, g - get item
Items here: a +0 club; a hobgoblin corpse.
The floor.
Unknown command.
Found a scroll labeled KORUMP JATE.
Found a stone staircase leading down.
There is a stone staircase leading down here.
A gnoll comes into view. It is wielding a +0 spear.
The gnoll shouts!
The gnoll hits you with a +0 spear.
You take 2 damage, and have 18/20 hp.
You barely miss the gnoll. The gnoll misses you.
You closely miss the gnoll. The gnoll hits you with a +0 spear.
You barely miss the gnoll. The gnoll barely misses you.
The gnoll closely misses you.
You slash the gnoll!
The gnoll is heavily wounded.
The gnoll hits you with a +0 spear!
Ouch! That really hurt!
You take 11 damage, and have 7/20 hp.
MASSIVE DAMAGE!!
You barely miss the gnoll.
The gnoll is heavily wounded.
The gnoll hits you with a +0 spear.
* * * LOW HITPOINT WARNING * * *
You take 3 damage, and have 4/20 hp.
Okay, then.
A red film seems to cover your vision as you go berserk!
You feel yourself moving faster!
You feel mighty! The gnoll hits you with a +0 spear!
You die...

, * # ,#.* .# * , . ##.# #
, .#...#.#* * * ........ ,
#, #..... * #.##..###.#**
, #.g@.)....# * ,
####..##### * .# #>.# **##
, .# #.# #..#* ...., ..
..# ##########..##...##*
.###.# #..............#..
, .. ..#
#.########..##....# , .
#.# #.# #..# *.#.# ,
####.###.########..###.#.#
*


You could see a gnoll.

Vanquished Creatures
  4 bats (D:1)
  2 hobgoblins (D:1)
  A frilled lizard (D:1)
7 creatures vanquished.

Notes
Turn   | Place    | Note
-------+----------+-------------------------------------------
     0 | D:1      | Irenicus the Deep Dwarf Berserker began the quest for the
                  | Orb.
     0 | D:1      | Reached XP level 1. HP: 20/20 MP: 1/1
    74 | D:1      | HP: 4/20 [gnoll/+0 spear (3)]
    75 | D:1      | Slain by a gnoll

Illustrated notes

Levels and vault maps discovered:
D:1:      saegor_arrival_simple_e, layout_loops_ring, minmay_indecisive_spiral

Action                   || total
-------------------------++-------
Melee: Hand axe          ||    26
Invok: Berserk           ||     1
Armor: Animal skin       ||     8
Dodge: Dodged            ||    33

Table legend: (Time is in decaauts)
 A = Elapsed time spent in this place.
 B = Non-inter-level travel time spent in this place.
 C = Inter-level travel time spent in this place.
 D = Time resting spent in this place.
 E = Time spent auto-exploring this place.
 F = Levels seen in this place.
 G = Mean time per level.
                   A        B        C        D        E       F      G
               +--------+--------+--------+--------+--------+-----+--------+
         Total |     78 |     78 |      0 |      0 |      0 |   1 |   78.0 |
       Dungeon |     78 |     78 |      0 |      0 |      0 |   1 |   78.0 |
               +--------+--------+--------+--------+--------+-----+--------+

Top non-repeatable levels by time:
     D:1: 78 daAuts

Table legend:
 A = Kills in this place as a percentage of kills in entire the game.
 B = Kills by you in this place as a percentage of kills by you in the entire game.
 C = Kills by friends in this place as a percentage of kills by friends in the entire game.
 D = Other kills in this place as a percentage of other kills in the entire game.
 E = Experience gained in this place as a percentage of experience gained in the entire game.
 F = Experience gained in this place divided by the number of levels of this place that you have seen.
                   A       B       C       D       E      F
               +-------+-------+-------+-------+-------+----------------------
         Total | 100.0 | 100.0 |   N/A |   N/A | 100.0 |  11.0
       Dungeon | 100.0 | 100.0 |   N/A |   N/A | 100.0 |  11.0
               +-------+-------+-------+-------+-------+----------------------
